Map: 파라 사이트 - 래더

Players

aLive

  • Race: Terran Terran
  • League: Grandmaster
  • Spawn Location: 11:00

soO - Winner!

  • Race: Zerg Zerg
  • Spawn Location: 5:00

Event: IEM Season 13 - Katowice Server Qualifiers Asia 1

VOD

Have the link to the VOD?

Description

Time

  • Played on: Jan. 14, 2019, 5:42 a.m.
  • Length: 9:51

All games in this series

Show
View Real Time Build Order
Export as new Build Order

aLive Terran 

Build Orders: Command Center First (CC) 

Get SALT Encoding   

  12  0:00  SCV  
  13  0:12  SCV  
  14  0:17  Supply Depot  
  14  0:24  SCV  
  15  0:38  SCV  
  16  0:51  SCV  
  17  0:59  Command Center  
  17  1:03  SCV  
  18  1:12  Barracks  
  18  1:15  SCV  
  19  1:21  Refinery  
  19  1:27  SCV  
  20  1:39  SCV  
  21  1:52  SCV  
  22  1:59  Marine  
  23  2:04  Orbital Command  
  23  2:10  Orbital Command  
  23  2:17  Marine  
  24  2:25  Factory  
  25  2:30  SCV  
  25  2:35  SCV  
  26  2:40  Barracks Reactor  
  26  2:43  SCV  
  27  2:46  Command Center  
  27  2:48  SCV  
  27  2:50  Refinery  
  28  2:55  SCV  
  29  2:59  Supply Depot  
  29  3:00  SCV  
  30  3:07  SCV  
  30  3:12  SCV  
  32  3:21  SCV, Hellion  
  32  3:22  Hellion  
  32  3:24  SCV  
  38  3:33  SCV  
  38  3:36  SCV  
  38  3:43  Hellion x2  
  38  3:45  SCV  
  38  3:48  SCV  
  42  3:57  SCV  
  42  4:00  SCV, Supply Depot, Orbital Command  
  42  4:02  Barracks Tech Lab  
  44  4:05  Hellion x2  
  48  4:10  SCV  
  48  4:12  SCV  
  48  4:14  Barracks  
  48  4:15  Barracks  
  50  4:23  Marine  
  50  4:24  SCV, Stimpack  
  50  4:25  SCV  
  50  4:35  Factory Reactor, SCV  
  50  4:37  SCV x2  
  45  4:46  Engineering Bay  
  45  4:47  Engineering Bay  
  45  4:51  SCV x3  
  48  4:58  Barracks  
  48  5:00  Barracks  
  48  5:03  Supply Depot  
  48  5:05  Supply Depot  
  48  5:07  Supply Depot  
  48  5:14  Marine, Starport  
  48  5:15  Marine, SCV x2  
  48  5:16  Terran Infantry Armor Level 1, Terran Infantry Weapons Level 1  
  52  5:21  Factory Reactor  
  52  5:25  Orbital Command  
  52  5:27  Refinery, SCV x2  
  52  5:28  Refinery  
  54  5:32  Marine x5  
  59  5:39  SCV x2  
  61  5:47  Barracks Reactor x2  
  61  5:50  Marine x4, SCV  
  61  5:52  SCV  
  67  5:57  Armory  
  67  6:01  SCV  
  67  6:02  SCV  
  67  6:03  Medivac x2  
  73  6:09  SCV  
  74  6:13  Factory Reactor, SCV  
  74  6:14  SCV  
  74  6:16  Barracks  
  76  6:20  Marine, Barracks  
  76  6:21  Marine x3, SCV, Supply Depot  
  76  6:22  Marine, Supply Depot  
  76  6:25  Combat Shield, SCV, Barracks  
  83  6:27  SCV  
  83  6:31  Marine x4  
  88  6:35  Medivac x2  
  88  6:38  Marine  
  93  6:42  Marine x4  
  93  6:43  SCV x3  
  100  6:48  Supply Depot  
  100  6:49  Supply Depot  
  100  6:56  Supply Depot  
  100  6:57  Supply Depot  
  100  6:59  Marine x5  
  100  7:00  Marine x4  
  109  7:08  Barracks Tech Lab  
  109  7:09  Barracks Tech Lab, Widow Mine x2  
  109  7:14  Terran Infantry Weapons Level 2, Terran Infantry Armor Level 2  
  113  7:16  Barracks Reactor  
  113  7:25  Supply Depot  
  113  7:26  Marine x8  
  113  7:27  Marine, Supply Depot  
  122  7:33  Concussive Shells, Marauder x2  
  125  7:40  Medivac  
  125  7:41  Widow Mine x2  
  125  7:44  Supply Depot  
  131  7:45  Supply Depot  
  131  7:49  Marine  
  131  7:50  Marine x7  
  141  7:51  Marauder  
  141  7:57  Marauder x2  
  145  7:59  Marine x2  
  141  8:09  Missile Turret  
  139  8:20  Marauder x2  
  139  8:21  Marauder, Widow Mine x2, Medivac x2  
  152  8:27  Marine  
  152  8:28  Marine x5  
  152  8:29  Marine  
  152  8:31  Marine  
  152  8:32  Marine  
  152  8:33  Marine  
  156  8:48  Marine x3, Marauder  
  156  8:49  Marine x3, Marauder x2  
  156  8:50  Marine  
  159  9:07  Marine  
  159  9:08  Marine x6  
  159  9:09  Widow Mine x2, Medivac x2  
  166  9:14  Marine, Marauder x2  
  152  9:28  Marine, Marauder  
  152  9:29  Marine x4  
  152  9:30  Marine  
Show
View Real Time Build Order
Export as new Build Order

soO Zerg - Winner!

Build Orders: Hatch First, Muta Ling Bane 

Get SALT Encoding   

  12  0:00  Drone  
  13  0:12  Overlord  
  13  0:16  Drone  
  14  0:30  Drone  
  14  0:31  Drone  
  14  0:34  Drone  
  17  0:52  Hatchery  
  17  0:53  Drone  
  17  0:56  Drone  
  18  1:08  Extractor  
  17  1:12  Spawning Pool  
  17  1:14  Drone  
  17  1:17  Drone  
  18  1:27  Drone  
  19  1:38  Overlord  
  19  1:51  Drone  
  20  1:58  Queen  
  20  2:00  Zergling x2  
  23  2:04  Queen, Zergling x2  
  23  2:07  Metabolic Boost  
  26  2:12  Drone  
  26  2:14  Drone  
  28  2:27  Hatchery  
  27  2:30  Drone  
  27  2:33  Drone  
  29  2:40  Queen  
  31  2:46  Drone  
  31  2:47  Overlord  
  32  2:51  Drone  
  32  2:53  Drone  
  32  2:57  Zergling x2  
  32  2:58  Zergling x2  
  36  3:06  Drone x2  
  36  3:07  Drone  
  36  3:08  Drone  
  40  3:16  Queen  
  42  3:24  Drone x2  
  42  3:26  Overlord  
  43  3:36  Drone  
  43  3:39  Overlord  
  44  3:45  Drone x2  
  44  3:46  Drone  
  44  3:47  Drone  
  47  3:49  Drone x5  
  47  3:50  Drone  
  47  3:51  Queen  
  55  3:59  Drone  
  55  4:02  Evolution Chamber x2  
  54  4:05  Lair  
  54  4:06  Extractor  
  54  4:09  Extractor  
  52  4:11  Drone  
  52  4:13  Drone x2  
  52  4:14  Drone x2  
  57  4:20  Zergling x2  
  57  4:21  Zergling x6  
  61  4:24  Zergling x2  
  61  4:25  Overlord, Zergling x2  
  61  4:29  Overlord  
  62  4:35  Zergling x2  
  62  4:36  Spore Crawler  
  59  4:39  Drone x2  
  59  4:40  Drone  
  59  4:45  Drone x2  
  63  4:50  Zerg Ground Armor Level 1  
  63  4:51  Drone x4  
  68  4:56  Drone  
  68  4:59  Drone  
  70  5:01  Drone  
  71  5:07  Overlord  
  71  5:11  Drone x2  
  71  5:13  Zerg Melee Weapons Level 1  
  73  5:17  Extractor  
  73  5:18  Extractor  
  73  5:19  Drone x3  
  73  5:20  Drone  
  75  5:24  Baneling Nest  
  74  5:29  Drone x3  
  74  5:30  Hatchery, Drone x2  
  78  5:36  Extractor  
  78  5:38  Spire, Drone  
  78  5:39  Drone x2  
  78  5:41  Drone  
  78  5:42  Drone  
  81  5:45  Drone  
  81  5:47  Drone x2  
  81  5:48  Drone x2  
  86  5:53  Overlord  
  86  5:55  Overlord  
  86  6:04  Hatchery  
  85  6:09  Centrifical Hooks  
  85  6:10  Zergling x8  
  89  6:15  Overlord, Overseer  
  89  6:20  Drone x4  
  89  6:21  Drone  
  89  6:23  Zergling x10  
  99  6:29  Overlord  
  99  6:35  Baneling x4  
  99  6:41  Zergling x2  
  99  6:42  Zergling x10  
  105  6:47  Zerg Ground Armor Level 2, Drone x2  
  105  6:48  Overseer  
  105  6:49  Drone x3  
  105  6:53  Extractor, Drone x2  
  111  6:58  Baneling  
  111  6:59  Baneling x3  
  111  7:07  Mutalisk  
  111  7:08  Mutalisk x6  
  115  7:10  Overlord  
  125  7:16  Overlord, Drone x3  
  125  7:17  Zerg Flyer Weapons Level 1  
  127  7:24  Overlord  
  127  7:25  Zerg Melee Weapons Level 2  
  127  7:26  Overlord  
  127  7:28  Overlord  
  127  7:29  Mutalisk  
  128  7:31  Drone x3  
  128  7:35  Overseer  
  131  7:42  Mutalisk x3  
  137  7:46  Hatchery  
  137  7:47  Spore Crawler  
  137  7:48  Zergling x16  
  143  7:54  Pneumatized Carapace, Overseer  
  143  7:57  Baneling x6  
  143  7:58  Overlord  
  143  7:59  Zergling x14  
  143  8:03  Zergling x12  
  156  8:18  Mutalisk x4  
  163  8:21  Zergling x14  
  170  8:31  Overlord, Infestation Pit  
  169  8:39  Mutalisk x2  
  170  8:46  Extractor  
  169  8:52  Baneling x14  
  169  8:53  Overlord  
  169  8:54  Zergling x2  
  169  8:55  Zergling x22  
  181  8:58  Baneling x4  
  178  9:08  Baneling x7  
  172  9:10  Zergling x4  
  172  9:11  Zergling x20  
  179  9:21  Zergling x16  
  181  9:28  Baneling x2  
  181  9:29  Baneling x8  
  181  9:30  Zergling x6  
  181  9:31  Zergling x10  

Tags
 
Add a new tag
Caveats
  • Supply blocks, unpowered buildings, or Contaminate may cause inaccurate times.
  • Supply counts are checked every 10 seconds.